Map: 로스트 앤 파운드 - 래더

Players

soO - Winner!

  • Race: Zerg Zerg
  • League: Master
  • Spawn Location: 1:00

Trap

  • Race: Protoss Protoss
  • League: Master
  • Spawn Location: 7:00

Event: HomeStory Cup XVIII

VOD

Have the link to the VOD?

Description

Time

  • Played on: Nov. 23, 2018, 11:43 a.m.
  • Length: 21:25

All games in this series

Show
View Real Time Build Order
Export as new Build Order

soO Zerg - Winner!

Build Orders: Hatch First, Brood Lord Corruptor, Zergling Baneling 

Get SALT Encoding   

  12  0:00  Drone  
  13  0:12  Overlord  
  13  0:16  Drone  
  14  0:30  Drone x2  
  14  0:34  Drone  
  17  0:50  Hatchery  
  17  0:54  Drone  
  17  0:57  Drone  
  18  1:08  Extractor  
  17  1:13  Spawning Pool  
  17  1:18  Drone x2  
  18  1:27  Drone  
  19  1:39  Drone  
  20  1:46  Hatchery  
  19  1:50  Drone  
  20  2:02  Queen  
  20  2:03  Drone  
  20  2:07  Drone  
  24  2:11  Drone  
  25  2:16  Overlord  
  25  2:24  Queen  
  25  2:29  Metabolic Boost  
  27  2:32  Zergling x2  
  27  2:35  Zergling x2  
  29  2:37  Drone  
  29  2:39  Drone  
  31  2:55  Overlord  
  31  2:59  Zergling x2  
  31  3:00  Zergling x2  
  33  3:05  Baneling Nest, Zergling x2  
  33  3:07  Zergling x6  
  33  3:11  Overlord  
  36  3:24  Zergling x12  
  42  3:36  Zergling x2  
  42  3:37  Zergling x8  
  47  3:51  Overlord  
  47  3:56  Drone x3  
  50  4:07  Baneling x8  
  50  4:10  Drone x2  
  50  4:11  Drone x3  
  52  4:20  Drone x3  
  49  4:35  Drone x2  
  49  4:36  Drone  
  49  4:38  Drone x2  
  50  4:41  Drone x3  
  50  4:43  Drone  
  49  4:47  Drone  
  49  4:48  Drone  
  49  4:50  Drone  
  48  5:00  Queen  
  48  5:03  Spore Crawler  
  48  5:05  Spore Crawler  
  48  5:10  Spore Crawler  
  48  5:13  Drone x2  
  49  5:17  Drone x3  
  49  5:18  Drone x2  
  54  5:28  Drone x3  
  57  5:33  Drone, Overlord  
  57  5:34  Extractor  
  57  5:35  Overlord  
  56  5:47  Overlord  
  56  5:48  Overlord  
  54  5:51  Lair  
  54  5:53  Drone x2  
  54  5:57  Queen, Drone x2  
  58  5:59  Overlord  
  58  6:00  Overlord  
  60  6:06  Extractor x2  
  60  6:07  Zergling x8  
  60  6:10  Zergling x6  
  65  6:12  Drone x2  
  65  6:14  Drone x2  
  69  6:18  Drone x2  
  69  6:31  Drone x2  
  69  6:32  Drone x3  
  70  6:34  Drone  
  70  6:38  Drone x3  
  74  6:42  Drone x2  
  74  6:46  Drone x2  
  77  6:47  Drone x2  
  77  6:49  Extractor  
  77  6:51  Extractor  
  76  6:57  Hydralisk Den  
  76  6:58  Hatchery  
  76  7:00  Drone x3  
  77  7:03  Overlord  
  77  7:05  Spore Crawler  
  76  7:18  Drone x3  
  76  7:20  Evolution Chamber  
  74  7:26  Grooved Spines, Hydralisk x8  
  91  7:32  Centrifical Hooks  
  91  7:35  Hydralisk x2  
  91  7:36  Hydralisk  
  96  7:39  Overlord  
  96  7:42  Overlord  
  96  7:47  Overlord  
  96  7:48  Overlord  
  96  7:54  Zerg Melee Weapons Level 1  
  96  7:56  Hydralisk  
  97  8:00  Drone  
  97  8:01  Drone x4  
  97  8:02  Drone x2  
  97  8:03  Drone  
  102  8:08  Hydralisk x2  
  102  8:09  Hydralisk, Zergling x2  
  102  8:11  Drone  
  110  8:21  Hydralisk  
  110  8:24  Drone x4  
  116  8:32  Spore Crawler  
  115  8:35  Hydralisk  
  115  8:36  Hydralisk  
  115  8:38  Drone x4, Muscular Augments  
  123  8:42  Overlord  
  123  8:46  Drone x4  
  116  8:53  Hydralisk x2  
  116  8:54  Zergling x10  
  125  9:00  Overlord x2  
  125  9:03  Drone x3  
  125  9:04  Overlord x2  
  128  9:12  Zergling x12  
  128  9:13  Overseer  
  134  9:18  Baneling x2  
  134  9:19  Zergling x8  
  134  9:20  Zergling x4  
  134  9:23  Drone  
  141  9:34  Hatchery, Baneling x7  
  141  9:36  Drone x2  
  141  9:40  Infestation Pit, Zergling x20  
  141  9:41  Zergling x2  
  141  9:42  Drone  
  151  9:47  Zergling x6  
  151  9:50  Zergling x4  
  154  9:57  Zergling x2  
  154  9:58  Zergling x12  
  157  10:02  Zerg Melee Weapons Level 2  
  153  10:12  Drone  
  153  10:13  Spire, Drone x2  
  153  10:14  Drone  
  148  10:16  Extractor  
  148  10:18  Baneling x5  
  148  10:19  Hive, Baneling x2  
  147  10:25  Drone x3  
  147  10:27  Extractor, Zergling x16  
  147  10:28  Zergling x4  
  151  10:44  Baneling x4  
  151  10:45  Baneling  
  151  10:46  Drone x3, Zergling x2  
  151  10:47  Zergling x16  
  160  10:55  Spore Crawler  
  157  10:57  Hydralisk  
  157  10:58  Zergling x4  
  157  10:59  Spore Crawler  
  160  11:10  Zergling x8  
  160  11:11  Zergling x8  
  168  11:22  Pneumatized Carapace  
  168  11:24  Drone x2  
  168  11:25  Overlord  
  170  11:33  Adrenal Glands, Greater Spire  
  170  11:35  Baneling x8  
  170  11:36  Baneling x3  
  170  11:42  Baneling  
  170  11:43  Zergling x14, Baneling x2  
  170  11:45  Zergling x6  
  170  11:46  Zergling x6  
  168  12:20  Corruptor  
  168  12:21  Corruptor x13  
  190  12:22  Overlord x2  
  190  12:26  Extractor x2  
  186  12:32  Overseer  
  186  12:33  Drone x4  
  190  12:43  Baneling x2  
  190  12:57  Brood Lord  
  190  12:58  Brood Lord x3  
  185  13:07  Overlord  
  180  13:16  Brood Lord  
  180  13:17  Brood Lord x5  
  178  13:22  Zergling x20  
  178  13:25  Overseer x2  
  172  13:36  Corruptor x3  
  178  13:45  Corruptor x2  
  182  13:51  Drone x2, Spine Crawler  
  182  13:53  Corruptor x2  
  187  13:55  Drone  
  187  13:56  Drone x2  
  187  13:58  Overseer x3  
  187  14:01  Overseer  
  190  14:06  Corruptor  
  192  14:13  Corruptor  
  192  14:14  Corruptor  
  192  14:15  Overlord  
  196  14:21  Overlord  
  196  14:22  Corruptor  
  183  14:44  Corruptor x4  
  173  14:48  Corruptor x3  
  165  14:53  Overseer x2  
  147  15:02  Corruptor x5  
  153  15:09  Corruptor x2  
  153  15:10  Overlord x2  
  153  15:11  Overlord  
  149  15:17  Overseer x3  
  149  15:20  Zergling x10  
  154  15:26  Hydralisk x4  
  158  15:29  Overlord x4  
  158  15:34  Zergling x4  
  160  15:35  Overseer  
  160  15:37  Queen  
  162  15:45  Baneling  
  162  15:46  Baneling x5  
  162  15:47  Zergling x12  
  162  15:49  Brood Lord x2  
  174  15:50  Brood Lord  
  172  15:59  Drone  
  172  16:00  Drone  
  170  16:12  Drone, Spine Crawler  
  170  16:13  Baneling x2  
  170  16:14  Spine Crawler  
  170  16:15  Corruptor x4  
  170  16:18  Hydralisk x2, Zergling x2  
  181  16:19  Zergling x2  
  180  16:34  Hydralisk x3, Zergling x2  
  180  16:35  Zergling x4  
  180  16:39  Spine Crawler  
  188  16:44  Corruptor x2  
  192  16:48  Hatchery  
  192  16:50  Overseer  
  192  16:51  Overseer x2  
  191  17:07  Baneling  
  191  17:08  Baneling x7  
  191  17:10  Corruptor x3  
  197  17:26  Overlord  
  197  17:31  Hydralisk  
  197  17:32  Zergling x2  
  150  17:54  Zergling x18  
  150  17:55  Zergling x8  
  133  18:02  Hydralisk x2  
  107  18:14  Corruptor x5  
  107  18:18  Hydralisk x4  
  107  18:22  Hydralisk  
  105  18:31  Corruptor x3  
  107  18:40  Hydralisk x4  
  107  18:44  Baneling x6  
  107  18:55  Drone x3  
  108  19:02  Hydralisk x3  
  109  19:03  Zergling x8  
  109  19:05  Zerg Missile Weapons Level 1  
  118  19:31  Zergling x18  
  118  19:32  Zergling x2  
  118  19:36  Drone  
  128  19:44  Brood Lord x3  
  134  19:48  Drone  
  134  19:49  Overseer  
  134  19:57  Baneling x4  
  133  20:16  Drone x3  
  134  20:25  Baneling x5  
  134  20:26  Baneling  
  131  20:43  Corruptor x5  
  137  20:52  Overseer, Drone x2  
  137  20:56  Drone x3  
Show
View Real Time Build Order
Export as new Build Order

Trap Protoss 

Build Orders: 1 Gate Expand, Oracle Opening, Phoenix Opening, Carriers 

Get SALT Encoding   

  12  0:00  Probe  
  13  0:12  Probe  
  14  0:19  Pylon  
  14  0:24  Probe  
  15  0:33  Probe  
  15  0:41  Probe  
  16  0:43  Gateway  
  17  0:50  Assimilator  
  17  0:51  Probe  
  18  1:03  Probe  
  19  1:15  Probe  
  20  1:25  Nexus  
  20  1:34  Cybernetics Core  
  20  1:37  Probe  
  21  1:43  Assimilator  
  21  1:49  Probe  
  21  1:53  Pylon  
  22  2:00  Probe  
  23  2:08  Probe  
  23  2:11  Adept  
  26  2:16  Stargate, Probe  
  27  2:26  Warp Gate  
  27  2:27  Probe  
  28  2:34  Probe  
  28  2:38  Adept  
  28  2:39  Probe  
  28  2:42  Probe  
  33  2:51  Phoenix, Probe  
  33  2:52  Probe  
  35  3:03  Probe  
  35  3:04  Oracle, Probe  
  35  3:05  Pylon  
  39  3:15  Probe  
  39  3:16  Probe  
  44  3:23  Gateway  
  44  3:28  Probe x2  
  44  3:34  Shield Battery x2  
  47  3:41  Adept  
  47  3:45  Probe  
  47  3:46  Probe  
  52  3:58  Probe x2  
  52  3:59  Assimilator  
  52  4:01  Assimilator  
  52  4:02  Pylon  
  54  4:03  Pylon  
  54  4:04  Phoenix  
  54  4:07  Stargate  
  53  4:10  Probe  
  54  4:18  Gateway  
  54  4:19  Pylon  
  54  4:20  Probe  
  55  4:29  Sentry  
  55  4:31  Zealot  
  55  4:37  Shield Battery  
  55  4:38  Shield Battery x2  
  54  4:43  Probe x2  
  43  4:55  Probe x2  
  45  5:03  Probe  
  45  5:07  Probe  
  45  5:10  Cybernetics Core  
  45  5:11  Probe  
  47  5:17  Oracle  
  47  5:18  Oracle  
  47  5:19  Probe  
  52  5:22  Probe  
  56  5:31  Probe  
  56  5:34  Probe  
  58  5:43  Probe  
  58  5:46  Probe  
  60  5:50  Adept x2  
  60  5:54  Probe  
  65  5:58  Probe  
  65  6:02  Probe  
  66  6:10  Probe x2  
  66  6:11  Nexus  
  69  6:22  Probe  
  70  6:28  Probe  
  71  6:34  Probe  
  71  6:36  Robotics Facility  
  71  6:37  Sentry, Robotics Facility  
  71  6:38  Sentry  
  76  6:42  Forge  
  76  6:43  Probe  
  76  6:46  Probe  
  78  6:54  Pylon  
  78  6:58  Protoss Ground Weapons Level 1  
  78  7:01  Pylon  
  78  7:03  Twilight Council  
  78  7:12  Probe x2  
  78  7:14  Shield Battery  
  80  7:20  Probe  
  80  7:24  Probe x2  
  80  7:28  Probe  
  80  7:29  Immortal  
  83  7:30  Gateway  
  83  7:32  Gateway, Observer  
  83  7:33  Gateway  
  83  7:36  Probe x2  
  87  7:38  Probe  
  92  7:44  Charge  
  92  7:48  Probe x2  
  92  7:50  Probe  
  95  7:52  Pylon  
  95  7:53  Pylon  
  95  7:56  Assimilator  
  95  8:00  Probe  
  95  8:01  Assimilator  
  100  8:05  Immortal  
  100  8:08  Immortal  
  100  8:09  Probe x2  
  107  8:12  Probe  
  107  8:16  Templar Archives  
  107  8:22  Probe x2  
  107  8:24  Probe  
  110  8:29  Gateway  
  110  8:30  Gateway  
  110  8:33  Zealot  
  112  8:38  Gateway  
  112  8:40  Psionic Storm  
  112  8:42  Pylon, Protoss Ground Weapons Level 2  
  112  8:45  Immortal  
  112  8:47  Immortal  
  120  9:00  Photon Cannon  
  120  9:01  High Templar x3  
  120  9:02  High Templar x2  
  130  9:04  Pylon  
  130  9:06  Pylon  
  130  9:20  Photon Cannon  
  130  9:23  Warp Prism  
  132  9:27  Immortal  
  136  9:33  Fleet Beacon  
  136  9:37  Pylon  
  136  9:41  Zealot  
  136  9:42  Zealot x4  
  143  10:04  High Templar x2  
  143  10:06  Mothership  
  145  10:10  High Templar x2  
  149  10:16  Pylon  
  149  10:18  Pylon  
  149  10:19  Protoss Air Weapons Level 1  
  149  10:20  Pylon x2  
  149  10:22  Pylon  
  147  10:36  Nexus  
  147  10:42  Zealot x8  
  155  10:59  Stargate  
  155  11:00  Stargate  
  155  11:03  Pylon  
  155  11:04  Carrier  
  155  11:06  Probe, Assimilator  
  155  11:07  Probe  
  155  11:09  Carrier  
  155  11:11  Assimilator  
  163  11:19  Probe  
  163  11:25  Zealot x5  
  174  11:26  Zealot  
  174  11:31  Protoss Ground Weapons Level 3  
  182  11:35  Photon Cannon x2  
  182  11:55  Photon Cannon  
  182  11:56  Photon Cannon  
  182  11:58  Photon Cannon  
  174  12:02  Zealot x3  
  174  12:03  Zealot, Carrier  
  174  12:04  Dark Shrine  
  174  12:07  Carrier  
  180  12:16  Carrier  
  180  12:17  Observer  
  170  12:37  Photon Cannon  
  170  12:39  Photon Cannon  
  170  12:42  Stalker x2  
  170  12:43  Stalker  
  175  12:58  Stalker x3  
  179  13:07  Warp Prism  
  179  13:09  Zealot x2  
  179  13:10  Zealot x2  
  179  13:33  Void Ray x3  
  185  13:54  Protoss Air Weapons Level 2  
  183  14:03  High Templar x7  
  183  14:04  High Templar  
  183  14:07  Archon  
  183  14:08  Archon x3  
  193  14:37  Archon  
  150  14:46  Dark Templar x3  
  150  14:47  Dark Templar x3  
  117  15:05  Dark Templar  
  119  15:21  Probe x4  
  118  15:22  Void Ray x2  
  118  15:23  Carrier  
  119  15:30  Zealot x5  
  143  15:39  Gateway  
  143  15:40  Gateway  
  143  15:42  Archon  
  143  15:43  Archon x2  
  143  16:01  Nexus  
  143  16:02  Forge  
  133  16:04  High Templar x4  
  133  16:06  Zealot x2  
  145  16:13  Protoss Air Weapons Level 3  
  145  16:15  Carrier  
  145  16:24  Carrier  
  147  16:37  Carrier  
  156  16:58  Dark Templar  
  156  16:59  Dark Templar  
  160  17:03  Archon  
  160  17:15  Dark Templar x2, Zealot x2  
  164  17:16  Zealot x2  
  169  17:29  Dark Templar  
  122  17:55  High Templar x2  
  104  18:00  Archon  
  104  18:01  Stalker x4  
  104  18:02  Zealot x2  
  72  18:26  Mothership, Zealot  
  72  18:27  Zealot x6  
  74  18:29  Dark Templar  
  75  18:51  Probe x2  
  75  18:52  Probe  
  83  18:59  Probe x2  
  83  19:04  High Templar, Probe  
  83  19:07  Probe  
  83  19:09  Zealot x3  
  94  19:10  Zealot  
  94  19:15  High Templar  
  93  19:26  High Templar  
  93  19:29  Immortal  
  92  19:33  High Templar  
  92  19:34  Zealot  
  92  19:35  Zealot x3  
  96  19:50  Zealot  
  98  20:00  Immortal  
  98  20:02  High Templar  
  98  20:03  High Templar  
  100  20:13  Nexus  
  104  20:14  Dark Templar  
  104  20:21  Stalker x2  
  104  20:24  Tempest  
  91  21:00  Stalker x4  
  85  21:22  Archon  
Tags
 
Add a new tag
Caveats
  • Supply blocks, unpowered buildings, or Contaminate may cause inaccurate times.
  • Supply counts are checked every 10 seconds.